 Dungeon Crawl Stone Soup version 0.14-a0-2632-gd2f732a (webtiles) character file.

350 Econoterrorist the Ruinous (level 5, -5/28 HPs)
             Began as a Deep Elf Conjurer on Feb 15, 2014.
             Slain by an ogre
             ... wielding a +0,+0 giant spiked club
              (18 damage)
             ... on Level 4 of the Dungeon.
             The game lasted 00:14:37 (2901 turns).

Econoterrorist the Ruinous (Deep Elf Conjurer)      Turns: 2901, Time: 00:14:37

HP  -5/28        AC  5     Str  6      XL: 5   Next: 33%
MP   3/16        EV 10     Int 20      God:
Gold 170         SH  0     Dex 15      Spells:  3 memorised,  3 levels left

rFire  . . .     SeeInvis .     l - +0 short sword
rCold  . . .     Clarity  .     o - +0 leather armour
rNeg   . . .     Conserve .     (no shield)
rPois  .         rCorr    .     j - +0 helmet
rElec  .         rRot     .     f - +0 cloak
SustAb . .       Spirit   .     (no gloves)
rMut   .         Warding  .     (no boots)
Saprov . . .     Stasis   .     (no amulet)
MR     .....                    (no ring)
                                p - ring of invisibility

@: very slightly contaminated, not resistant to hostile enchantments, fairly
stealthy
A: no striking features
a: Evoke Invisibility


You were on level 4 of the Dungeon.
You were not hungry.

You visited 1 branch of the dungeon, and saw 4 of its levels.

You collected 170 gold pieces.

Inventory:

Hand weapons
 l - a +0,+0 short sword (weapon)
Armour
 f - a +0 cloak (worn)
 j - a +0 helmet (worn)
 o - a +0 leather armour (worn)
Comestibles
 b - 3 bread rations
 r - a rotting chunk of rat flesh
 u - an apple
 v - a meat ration
Scrolls
 d - 3 scrolls of fog {unknown}
 e - a scroll of amnesia {unknown}
 g - a scroll of noise {unknown}
 k - 3 scrolls of identify {unknown}
 m - a scroll of enchant armour {unknown}
 n - a scroll of remove curse {unknown}
 t - a scroll of enchant weapon II {unknown}
Jewellery
 p - a ring of invisibility (left hand)
 q - an uncursed amulet of stasis {unknown}
Potions
 a - 2 potions of brilliance {unknown}
 h - a potion of restore abilities {unknown}
 i - 3 potions of curing {unknown}
 s - a potion of mutation {unknown}
Books
 c - a book of Conjurations

   Spells                             Type                      Level
   *Magic Dart                        Conjuration                  1
   *Searing Ray                       Conjuration                  2
   Dazzling Spray                     Conjuration/Hexes            3
   Iskenderun's Mystic Blast          Conjuration                  4
   *Iskenderun's Battlesphere         Conjuration/Charms           4
   Fulminant Prism                    Conjuration/Hexes            5


   Skills:
 - Level 2.4 Dodging
 - Level 2.4 Stealth
 + Level 3.3 Spellcasting
 - Level 7.1 Conjurations
 + Level 1.3 Charms


You had 3 spell levels left.
You knew the following spells:

 Your Spells              Type           Power        Failure   Level  Hunger
a - Magic Dart            Conj           ####         1%          1    None
b - Searing Ray           Conj           ####..       1%          2    ##.....
c - Iskenderun's Battles  Conj/Chrm      ###.....     24%         4    ####...


Dungeon Overview and Level Annotations

Branches:
Dungeon (4/16)
 Temple: D:4-7

Altars:
Yredelemnul


Message History

The searing ray hits the ogre.
The ogre is moderately wounded.
The worker ant twitches its antennae in your direction.
Casting: Searing Ray
Confirm with . or Enter, or press ? or * to list all spells.
Aiming: Searing Ray
Press: ? - help, Shift-Dir - straight line, f/p - ogre
Aim: an ogre, wielding a giant spiked club (moderately wounded)
The searing ray hits the ogre.
The ogre is heavily wounded.
The ogre closely misses you.
The searing ray hits the ogre.
The ogre is severely wounded.
The ogre hits you with a giant spiked club!
Ouch! That really hurt!
The searing ray hits the ogre.
The ogre is almost dead.
The ogre hits you with a giant spiked club!
Ouch! That really hurt!
You die...

#....#.........
#............#
####............#
..........?..#
###........#
#../.....#
..#####........#.##
....%.....Oa.......#
..#####...@.####.#.#
#.........# .#
#.........# #
#.........#
##.........### #
...%..).......# .#
##..%......#.##.#.#
###.#.#.#......#.#
#.#.#.#........#


You could see an ogre and a worker ant.

Vanquished Creatures
  Sigmund (D:2)
  Jessica (D:2)
  4 adders
  A giant eyeball (D:4)
  2 giant geckos
  5 bats
  3 giant cockroaches
  7 goblins
  3 hobgoblins
  6 jackals
  2 ball pythons
  4 giant newts
  8 kobolds
  A kobold skeleton (D:3)
  6 rats
54 creatures vanquished.

Notes
Turn   | Place    | Note
--------------------------------------------------------------
     0 | D:1      | Econoterrorist, the Deep Elf Conjurer, began the quest for the Orb.
     0 | D:1      | Reached XP level 1. HP: 10/10 MP: 5/5
   153 | D:1      | Reached XP level 2. HP: 1/15 MP: 3/8
   529 | D:1      | Learned a level 2 spell: Searing Ray
   590 | D:1      | Reached skill level 5 in Conjurations
  1141 | D:2      | Reached XP level 3. HP: 19/19 MP: 5/10
  1165 | D:2      | Noticed Jessica
  1169 | D:2      | Killed Jessica
  1262 | D:2      | Reached skill level 6 in Conjurations
  1328 | D:2      | Noticed Sigmund
  1543 | D:2      | Reached XP level 4. HP: 24/24 MP: 7/13
  1721 | D:2      | Killed Sigmund
  1721 | D:2      | Reached skill level 7 in Conjurations
  1721 | D:2      | Reached XP level 5. HP: 11/28 MP: 7/16
  2037 | D:3      | Learned a level 4 spell: Iskenderun's Battlesphere
  2331 | D:3      | Found a basalt altar of Yredelemnul.
  2699 | D:3      | Reached skill level 1 in Charms
  2879 | D:4      | Paralysed by a giant eyeball for 3 turns
  2886 | D:4      | Noticed an ogre
  2901 | D:4      | Slain by an ogre

Action                   |  1- 3 |  4- 6 || total
-------------------------+-------+-------++-------
Melee: Unarmed           |     2 |       ||     2
       Spear             |    11 |       ||    11
       Short sword       |     1 |       ||     1
 Cast: Magic Dart        |    58 |    33 ||    91
       Searing Ray       |       |     5 ||     5
 Stab: Sleeping          |     1 |       ||     1
